 Dungeon Crawl Stone Soup version 0.26-a0-651-gb41185065b (webtiles) character file.

Game seed: 168678422344104716

589 Irenicus the Cleaver (level 7, 0/58 HPs)
             Began as a Deep Dwarf Gladiator on Oct 1, 2020.
             Was a Follower of Makhleb.
             Slain by a wight
             ... wielding a +1 scimitar
              (5 damage)
             ... in an ossuary.
             The game lasted 00:10:14 (1459 turns).

Irenicus the Cleaver (Deep Dwarf Gladiator)         Turns: 1459, Time: 00:10:14

Health: 0/58       AC:  8    Str: 17    XL:     7   Next: 15%
Magic:  6/6        EV: 12    Int:  9    God:    Makhleb [*.....]
Gold:   147        SH:  0    Dex: 16    Spells: 6/6 levels left

rFire    + . .     SeeInvis .   a - +0 war axe
rCold    . . .     Faith    .   (no shield)
rNeg     . . .     Spirit   .   s - +0 ring mail
rPois    .         Reflect  .   c - +0 helmet
rElec    .         Harm     .   d - +0 cloak
rCorr    .         Rampage  .   h - +0 pair of gloves
MR       +....                  (no boots)
Stlth    +.........             p - amulet of magic regeneration
HPRegen  0.00/turn              m - ring of protection from fire {rF+, !d}
MPRegen  0.35/turn              (no ring)

@: non-regenerating, slowed, drained, very slow
A: damage resistance, heal wounds, sense surroundings 1, no regeneration
a: Heal Wounds, Renounce Religion


You were in an ossuary.
You worshipped Makhleb.
Makhleb was aware of your devotion.
You visited 1 branch of the dungeon, and saw 4 of its levels.
You also visited: Ossuary.

You collected 147 gold pieces.

Inventory:

Hand Weapons
 a - a +0 war axe (weapon)
 r - a +0 hand axe
   (You took it off Terence on level 3 of the Dungeon)
Armour
 c - a +0 helmet (worn)
 d - a +0 cloak (worn)
   (You took it off Crazy Yiuf on level 3 of the Dungeon)
 h - a +0 pair of gloves (worn)
   (You found it on level 1 of the Dungeon)
 s - a +0 ring mail (worn)
   (You took it off Terence on level 3 of the Dungeon)
Jewellery
 m - a ring of protection from fire (left hand) {rF+, !d}
   (You found it on level 2 of the Dungeon)
 p - an amulet of magic regeneration (around neck)
   (You found it on level 2 of the Dungeon)
Wands
 u - a wand of flame (29)
   (You found it on level 4 of the Dungeon)
Scrolls
 e - 3 scrolls of teleportation {unknown}
 f - 2 scrolls of fear {unknown}
 g - a scroll of identify {unknown}
 i - 2 scrolls of remove curse {unknown}
 j - a scroll of immolation {unknown}
 l - 3 scrolls of fog {unknown}
 n - 2 scrolls of enchant weapon {unknown}
 q - a scroll of noise {unknown}
 t - 2 scrolls of amnesia {unknown}
 x - a scroll of random uselessness {unknown}
 y - a scroll of brand weapon {unknown}
Potions
 b - a potion of flight
 o - 5 potions of curing
 v - a potion of heal wounds
 w - a potion of cancellation {unknown}


   Skills:
 - Level 1.7(0.9) Fighting
 * Level 8.6(7.6) Axes
 - Level 1.7(0.9) Throwing
 - Level 2.6(1.8) Armour
 - Level 3.2(2.4) Dodging


You had 6 spell levels left.
You didn't know any spells.
Your spell library was empty.

Dungeon Overview and Level Annotations

Branches:
Dungeon (4/15)            Ossuary (1/1)
 Temple: D:4-7

Altars:
Fedhas
Kikubaaqudgha
Makhleb
Okawaru
Trog


Innate Abilities, Weirdness & Mutations

You are resistant to damage.
You can heal yourself by infusing magical energy.
You passively map a small area around you.
You do not regenerate.


Message History

u - a wand of flame (29) (gained 15 charges)
w - a dark potion
x - a scroll labeled UPUQIE MIPNOHO
y - a scroll labeled NEBAROLANE
t - 2 scrolls labeled MOEKOFRIWK (gained 1)
n - 2 scrolls labeled TINOOXKO ATWO (gained 1)
You open the door.
A wraith comes into view.
Evoke which item? (* to show all) (? for menu, Esc to quit)
Aiming: Corrosive Bolt
Press: ? - help, Shift-Dir - straight line, f - wraith
Aim: a wraith The bolt of acid hits the wraith but does no damage.
The wraith hits you. The wraith drains your vigour!
You feel as though you will be slow longer.
The wraith hits you!
You take 10 damage, and have 20/52 hp.
Evoke which item? (* to show all) (? for menu, Esc to quit)
Aiming: Corrosive Bolt
Press: ? - help, Shift-Dir - straight line, f/p - wraith
Aim: a wraith The bolt of acid hits the wraith!
The wraith is splashed with acid.
The acid corrodes the wraith!
The wraith is severely damaged.
The wraith hits you!
* * * LOW HITPOINT WARNING * * *
The wraith drains your vigour!
You feel as though you will be slow longer.
You take 5 damage, and have 15/52 hp.
Evoke which item? (* to show all) (? for menu, Esc to quit)
Aiming: Corrosive Bolt
Press: ? - help, Shift-Dir - straight line, f/p - wraith
Aim: a wraith (severely damaged, covered in acid)
The bolt of acid hits the wraith!
The wraith is splashed with acid.
The wraith seems to be corroded for longer.
You destroy the wraith!
Makhleb accepts your kill.
Your Axes skill increases to level 8!
You have reached level 7!
MP restored: 6 The flying skull gives a hideous shriek!
You open the door.
A wight comes into view.
It is wielding a +2 flail of protection.
The wight barely misses you.
There is an open door here.
Evoke which item? (* to show all) (? for menu, Esc to quit)
Aiming: Corrosive Bolt
Press: ? - help, Shift-Dir - straight line, f - wight
Aim: a wight, wielding a +2 flail of protection and wearing a +0 robe The bolt of acid hits the wight.
The wight is splashed with acid!
The acid corrodes the wight!
The wight is heavily damaged.
The wight barely misses you.
You hit the wight.
The wight is severely damaged.
The wight hits you with a +2 flail of protection.
You feel drained.
The wight hits you with a +2 flail of protection.
You feel drained.
You hit the wight.
The wight is almost destroyed.
The wight hits you but does no damage.
You closely miss the wight.
The wight is almost destroyed.
The wight barely misses you.
You slash the wight!
You destroy the wight!
Makhleb accepts your kill.
Things that are here:
a +2 flail of protection; a +0 robe
There is an open door here.
You open the door.
A wight comes into view. It is wielding a +1 scimitar.
The wight hits you with a +1 scimitar!
* * * LOW HITPOINT WARNING * * *
You feel drained.
* * * LOW HITPOINT WARNING * * *
You take 8 damage, and have 8/58 hp.
Evoke which item? (* to show all) (? for menu, Esc to quit)
Aiming: Corrosive Bolt
Press: ? - help, Shift-Dir - straight line, f - wight
Aim: a wight, wielding a +1 scimitar and wearing a cursed -1 robe The bolt of acid misses the wight.
The wight hits you with a +1 scimitar.
* * * LOW HITPOINT WARNING * * *
You take 3 damage, and have 5/58 hp.
Evoke which item? (* to show all) (? for menu, Esc to quit)
Aiming: Corrosive Bolt
Press: ? - help, Shift-Dir - straight line, f/p - wight
Aim: a wight, wielding a +1 scimitar and wearing a cursed -1 robe The bolt of acid hits the wight!
The wight is splashed with acid.
The wight is severely damaged.
The now-empty wand crumbles to dust.
The wight hits you but does no damage.
You closely miss the wight.
The wight is severely damaged.
The wight barely misses you. The wight hits you with a +1 scimitar.
You feel drained.
You barely miss the wight.
The wight is severely damaged.
The wight hits you with a +1 scimitar!
You die...

#################
#.............@.#
#.'##..###..##z.#
#.#)#..#z#..#.#.#
#.###..###..###.# ### #######
#...............# #W# #.....#
#.###.......###.###▓#####.8.8.#
#.#z#.......#,#.'.....'.......'
#.###.......###.###▓#####.8.8.#
#...............# #z# #.....#


You could see a wight.

Vanquished Creatures
  2 wraiths (Ossuary)
  A wight (Ossuary)
  Crazy Yiuf (D:3)
  Terence (D:3)
  Jessica (D:2)
  5 adders
  4 gnolls (D:3)
  2 oozes
  2 dart slugs (D:1)
  A leopard gecko (D:4)
  5 orcs
  7 bats
  2 giant cockroaches
  4 goblins
  7 hobgoblins
  2 quokkas (D:4)
  2 ball python skeletons (Ossuary)
  2 frilled lizards
  2 goblin zombies (D:4)
  A hobgoblin skeleton (Ossuary)
  3 hobgoblin zombies (Ossuary)
  9 kobolds
  2 orc skeletons (Ossuary)
  2 orc zombies (Ossuary)
  A quokka zombie (D:3)
  6 rats
77 creatures vanquished.

Notes
Turn   | Place    | Note
-------+----------+-------------------------------------------
     0 | D:1      | Irenicus the Deep Dwarf Gladiator began the quest for the
                  | Orb.
     0 | D:1      | Reached XP level 1. HP: 19/19 MP: 1/1
   116 | D:1      | Reached skill level 4 in Axes
   116 | D:1      | Reached XP level 2. HP: 16/26 MP: 2/2
   532 | D:2      | Noticed Jessica
   540 | D:2      | Killed Jessica
   540 | D:2      | Reached skill level 5 in Axes
   540 | D:2      | Reached XP level 3. HP: 10/32 MP: 3/3
   546 | D:2      | Found an iron altar of Okawaru.
   573 | D:2      | HP: 8/32 [rat (2)]
   609 | D:2      | Found a blossoming altar of Fedhas.
   662 | D:2      | Reached XP level 4. HP: 10/39 MP: 4/4
   671 | D:2      | HP: 9/39 [adder (1)]
   685 | D:2      | Found an ancient bone altar of Kikubaaqudgha.
   706 | D:2      | HP: 8/39 [kobold (1)]
   732 | D:2      | HP: 2/39 [hobgoblin/+0 club (4)]
   767 | D:3      | Found a burning altar of Makhleb.
   771 | D:3      | Became a worshipper of Makhleb the Destroyer
   823 | D:3      | Found a runed translucent door.
   824 | D:3      | Noticed Crazy Yiuf
   841 | D:3      | Killed Crazy Yiuf
   841 | D:3      | Reached skill level 6 in Axes
   876 | D:3      | Noticed Terence
   884 | D:3      | HP: 9/39 [Terence/+0 hand axe (7)]
   887 | D:3      | HP: 4/39 [Terence/+0 hand axe (5)]
   896 | D:3      | Killed Terence
   896 | D:3      | Reached XP level 5. HP: 22/45 MP: 5/5
  1036 | D:3      | Reached skill level 1 in Armour
  1104 | D:3      | Found a bloodstained altar of Trog.
  1104 | D:3      | Found a blossoming altar of Fedhas.
  1202 | D:4      | Reached * piety under Makhleb
  1248 | D:4      | Found a sand-covered staircase.
  1273 | Ossuary  | Entered an ossuary
  1309 | Ossuary  | Reached skill level 7 in Axes
  1343 | Ossuary  | Noticed a wraith
  1343 | Ossuary  | Noticed a flying skull
  1354 | Ossuary  | Noticed a wraith
  1360 | Ossuary  | HP: 7/45 [wraith (9)]
  1385 | Ossuary  | Killed a wraith
  1385 | Ossuary  | Reached skill level 2 in Armour
  1385 | Ossuary  | Reached XP level 6. HP: 30/52 MP: 5/5
  1387 | Ossuary  | Noticed a flying skull
  1421 | Ossuary  | Noticed a wraith
  1424 | Ossuary  | Killed a wraith
  1424 | Ossuary  | Reached skill level 8 in Axes
  1424 | Ossuary  | Reached XP level 7. HP: 16/58 MP: 6/6
  1428 | Ossuary  | Noticed a flying skull
  1430 | Ossuary  | Noticed a flying skull
  1455 | Ossuary  | HP: 9/58 [wight/+1 scimitar (7)]
  1459 | Ossuary  | Slain by a wight

Illustrated notes

Levels and vault maps discovered:
D:1:      onia_arrival_pentagram, layout_basic, minmay_misc_feat_room,
          minivault_19
D:2:      layout_rooms, old_standard_altar, nicolae_overflow_crystal_walls,
          fedhas_altar_1, uniq_jessica
D:3:      layout_basic, bloody_makhleb, gammafunk_temple_overflow_wave,
          uniq_terence, uniq_crazy_yiuf_cottage
D:4:      lemuel_upstairs_altar, layout_gridville, enter_ossuary_4,
          grunt_ministairs_3, uniq_edmund, uniq_pikel
Ossuary:  ossuary_due_cavern

Skill      XL: |  1  2  3  4  5  6 |
---------------+-------------------+-----
Axes           | 4 5 6 7 8 |  8.6
Armour         | 2 |  2.6
Fighting       | |  1.7
Throwing       | |  1.7
Dodging        | |  3.2

Action                   |  1- 3 |  4- 6 |  7- 9 || total
-------------------------+-------+-------+-------++-------
Melee: War axe           |    86 |   151 |     6 ||   243
       Hand axe          |       |     8 |       ||     8
Throw: Throwing net      |     4 |     1 |       ||     5
 Abil: Heal Wounds       |       |     4 |       ||     4
Evoke: Wand              |       |     6 |     4 ||    10
  Use: Potion            |       |     5 |       ||     5
 Stab: Held in net/web   |       |     1 |       ||     1
Armor: Leather armour    |    29 |    15 |       ||    44
       Ring mail         |       |    38 |     1 ||    39
Dodge: Dodged            |    76 |   120 |     4 ||   200

Table legend: (Time is in decaauts)
 A = Elapsed time spent in this place.
 B = Non-inter-level travel time spent in this place.
 C = Inter-level travel time spent in this place.
 D = Time resting spent in this place.
 E = Time spent auto-exploring this place.
 F = Levels seen in this place.
 G = Mean time per level.
                   A        B        C        D        E       F      G
               +--------+--------+--------+--------+--------+-----+--------+
         Total |   1540 |   1479 |     61 |      0 |      0 |   5 |  308.0 |
       Dungeon |   1296 |   1235 |     61 |      0 |      0 |   4 |  324.0 |
       Ossuary |    243 |    243 |      0 |      0 |      0 |   1 |  243.0 |
               +--------+--------+--------+--------+--------+-----+--------+

Top non-repeatable levels by time:
     D:1: 489 daAuts
     D:3: 413 daAuts
     D:2: 290 daAuts
 Ossuary: 243 daAuts
     D:4: 103 daAuts

Table legend:
 A = Kills in this place as a percentage of kills in entire the game.
 B = Kills by you in this place as a percentage of kills by you in the entire game.
 C = Kills by friends in this place as a percentage of kills by friends in the entire game.
 D = Other kills in this place as a percentage of other kills in the entire game.
 E = Experience gained in this place as a percentage of experience gained in the entire game.
 F = Experience gained in this place divided by the number of levels of this place that you have seen.
                   A       B       C       D       E      F
               +-------+-------+-------+-------+-------+----------------------
         Total | 100.0 | 100.0 |   N/A |   N/A | 100.0 | 168.4
       Dungeon |  83.1 |  83.1 |   N/A |   N/A |  40.6 |  85.5
       Ossuary |  16.9 |  16.9 |   N/A |   N/A |  59.4 | 500.0
               +-------+-------+-------+-------+-------+----------------------
